AoeStats
← Coyunto90

Runestones

507738496Analyzed
1v1 RM · 13d ago on Sep 19, 2026· 42m 18s· 2 players
Game mode
Random Map
Map size
Tiny (2 player)
Population
200
Speed
Normal
Resources
Standard
Victory
Conquest
Starting age
Dark Age
Ending age
Imperial Age
RankedLock teamsTeams togetherTeam positionsShared explorationLock speedFull tech treeHidden civsTurbo modeCheats
Victory
Defeat
🇪🇸 Japanese · Spain
1106
+16
🇱🇧 Spanish · Lebanon
1113
-16
Coyunto90
7:32 Loom
9:59 Feudal Age
10:04 Man-at-Arms
10:59 Double-Bit Axe
12:34 Loom
14:23 Loom
15:58 Fletching
19:59 Castle Age
18:57 Scale Mail Armor
20:32 Padded Archer Armor
20:47 Bodkin Arrow
21:53 Bow Saw
24:56 Leather Archer Armor
26:35 Ballistics
26:09 Town Watch
26:20 Horse Collar
30:24 Chain Mail Armor
29:55 Elite Skirmisher
32:24 Wheelbarrow
32:02 Gold Mining
40:08 Imperial Age
38:08 Pikeman
39:00 Forging
39:42 Yasama
39:36 Guard Tower
39:49 Stone Mining
40:16 Squires
40:53 Iron Casting
40:53 Bracer
40:33 Halberdier
42:00 Conscription
Heizenberg
10:02 Feudal Age
8:17 Loom
16:25 Castle Age
27:16 Wheelbarrow
28:44 Padded Archer Armor
29:28 Husbandry
35:56 Bloodlines
36:07 Light Cavalry
38:12 Horse Collar
40:45 Scale Barding Armor
Connection lost

Rejoining the realm…

Still unreachable

The connection could not be restored.

Session expired

The server has moved on; the page needs a fresh start.